 Dungeon Crawl Stone Soup version 0.26.0-10-g1f06aea511 (webtiles) character file.

Game seed: 601665899847972005

398 MisterFreud the Conjurer (level 6, -12/41 HPs)
             Began as a Demonspawn Conjurer on Jan 31, 2021.
             Was an Initiate of Gozag.
             Killed by divine providence
             ... invoked by an orc priest
              (15 damage)
             ... on level 5 of the Dungeon.
             The game lasted 00:08:37 (4338 turns).

MisterFreud the Conjurer (Demonspawn Conjurer)      Turns: 4338, Time: 00:08:38

Health: -12/41     AC:  4    Str:  7    XL:     6   Next: 53%
Magic:  2/9        EV: 12    Int: 22    God:    Gozag
Gold:   247        SH:  0    Dex: 11    Spells: 5/10 levels left

rFire    . . .     SeeInvis .   p - +2 hand axe (venom)
rCold    . . .     Faith    .   (no shield)
rNeg     . . .     Spirit   .   a - +0 robe
rPois    .         Reflect  .   (helmet restricted)
rElec    .         Harm     .   (no cloak)
rCorr    .         Rampage  .   h - +0 pair of gloves
Will     .....                  c - +0 pair of boots (curse)
Stlth    ++........             (no amulet)
HPRegen  0.13/turn              (no ring)
MPRegen  0.11/turn              (no ring)

@: no status effects
A: antennae 1, hooves 2, powered by death 1
a: Renounce Religion, Potion Petition, Call Merchant, Bribe Branch


You were on level 5 of the Dungeon.
You worshipped Gozag.
Gozag was aware of your devotion.
You visited 2 branches of the dungeon, and saw 6 of its levels.

You collected 330 gold pieces.
You paid 83 gold pieces to Gozag.

Inventory:

Hand Weapons
 b - a +0 spear
 m - a +1 dagger of draining
 p - a +2 hand axe of venom (weapon)
Missiles
 l - 5 atropa-tipped darts
 t - 37 poisoned darts
Armour
 a - a +0 robe (worn)
 c - a cursed +0 pair of boots (worn)
 h - a +0 pair of gloves (worn)
 u - a +0 kite shield
Magical Staves
 w - an uncursed staff of conjuration
Jewellery
 o - a cursed amulet of inaccuracy {unknown}
Scrolls
 d - 2 scrolls of teleportation {unknown}
 e - 3 scrolls of identify {unknown}
 f - 6 scrolls of magic mapping {unknown}
 j - 2 scrolls of remove curse {unknown}
 k - a scroll of random uselessness {unknown}
 q - a scroll of fog {unknown}
Potions
 g - 2 potions of might {unknown}
 i - 2 potions of mutation {unknown}
 n - a potion of cancellation {unknown}
 r - 2 potions of resistance {unknown}
 s - a potion of attraction {unknown}
 v - a potion of haste {unknown}


   Skills:
 - Level 1.7 Dodging
 - Level 1.7 Stealth
 + Level 2.6 Spellcasting
 + Level 7.4 Conjurations
 + Level 1.6 Hexes


You had 5 spell levels left.
You knew the following spells:

 Your Spells              Type           Power        Failure   Level
a - Magic Dart            Conj           100%         1%          1
b - Fulminant Prism       Conj/Hex       11%          21%         4

Your spell library contained the following spells:

 Spells                   Type           Power        Failure   Level
 Searing Ray              Conj           70%          1%          2
 Dazzling Flash           Conj/Hex       44%          6%          3
 Confusing Touch          Hex            10%          19%         3
 Iskenderun's Mystic Bla  Conj/Tloc      19%          28%         4
 Gell's Gravitas          Tloc           1%           36%         3
 Petrify                  Tmut/Erth      2%           78%         4
 Metabolic Englaciation   Hex/Ice        3%           94%         5
 Yara's Violent Unravell  Hex/Tmut       3%           94%         5


Dungeon Overview and Level Annotations

Branches:
Dungeon (5/15)             Temple (1/1) D:4

Altars:
Ashenzari
Cheibriados
Dithmenos
Elyvilon
Fedhas
Gozag
Hepliaklqana
Kikubaaqudgha
Makhleb
Nemelex Xobeh
Okawaru
Qazlal
Ru
Sif Muna
Trog
Uskayaw
Vehumet
Wu Jian
Xom
Zin
The Shining One

Shops:
D:4 (


Innate Abilities, Weirdness & Mutations

You have a pair of small antennae on your head.
You have hoof-like feet.
You regenerate a little health from kills.


Message History

Aim: a centaur, wielding a +0 shortbow and quivering 15 arrows (almost dead, 0% to evade)
The magic dart hits the centaur but does no damage.
The centaur is almost dead.
The centaur shoots an arrow.
The arrow hits you!
* * * LOW HITPOINT WARNING * * *
An orc priest comes into view. It is wielding a +0 hand axe.
Casting: Magic Dart (safe; 1% risk of failure)
Confirm with . or Enter, or press ? or * to list all spells.
Aiming: Magic Dart (safe; 1% risk of failure)
Press: ? - help, Shift-Dir - straight line, f/p - centaur
Aim: a centaur, wielding a +0 shortbow and quivering 14 arrows (almost dead, 0% to evade)
The magic dart hits the centaur.
The centaur is almost dead.
The centaur shoots an arrow.
The arrow misses you.
The centaur shoots an arrow.
The arrow hits you!
* * * LOW HITPOINT WARNING * * *
The orc priest calls down the wrath of Beogh upon you.
Beogh smites you!
You die...
Your body crumbles into a pile of gold.

.............#
......Y...[..#
.............#
.............#
#+#########.##.##
#...####.##.####
#............#
#............#
#...o.c..@(.(#
###'#######.##
#...# ### .......
....l....#
.........#
.......>.#
#####..### ###


You could see a centaur and an orc priest.

Vanquished Creatures
  3 orc wizards (D:3)
  A hound (D:4)
  2 orc priests (D:4)
  2 worker ants (D:4)
  3 gnolls
  5 adders
  2 shadow imps (D:5)
  A worm (D:2)
  A dart slug (D:1)
  3 leopard geckos
  10 orcs
  8 bats
  4 giant cockroaches
  8 goblins
  8 hobgoblins (D:1)
  6 jackals
  3 kobolds
  2 ball pythons
  2 frilled lizards
  6 rats
80 creatures vanquished.

Notes
Turn   | Place    | Note
-------+----------+-------------------------------------------
     0 | D:1      | MisterFreud the Demonspawn Conjurer began the quest for the
                  | Orb.
     0 | D:1      | Reached XP level 1. HP: 13/13 MP: 3/3
   144 | D:1      | Gained mutation: You regenerate a little health from kills.
                  | [demonic ancestry]
   144 | D:1      | Reached XP level 2. HP: 12/19 MP: 0/5
   678 | D:1      | Reached skill level 5 in Conjurations
   751 | D:1      | Gained mutation: You have large cloven feet. [demonic
                  | ancestry]
   751 | D:1      | Reached XP level 3. HP: 24/24 MP: 3/6
  1313 | D:2      | Gained mutation: You have hoof-like feet. [demonic
                  | ancestry]
  1313 | D:2      | Reached XP level 4. HP: 28/30 MP: 1/7
  1852 | D:2      | Found an ornate altar of the Wu Jian Council.
  1852 | D:2      | Found a snail-covered altar of Cheibriados.
  1887 | D:2      | Found a white marble altar of Elyvilon.
  1889 | D:2      | Found a faded altar of an unknown god.
  1891 | D:2      | Found a faded altar of an unknown god.
  1950 | D:3      | Reached skill level 6 in Conjurations
  2649 | D:3      | Gained mutation: You have a pair of small antennae on your
                  | head. [demonic ancestry]
  2649 | D:3      | Reached XP level 5. HP: 21/35 MP: 0/8
  2870 | D:4      | Learned a level 4 spell: Fulminant Prism
  2873 | D:4      | Reached skill level 7 in Conjurations
  3009 | D:4      | Reached XP level 6. HP: 31/41 MP: 1/9
  3085 | D:4      | Found a staircase to the Ecumenical Temple.
  3136 | Temple   | Entered the Ecumenical Temple
  3301 | Temple   | Became a worshipper of Gozag Ym Sagoz the Greedy
  3433 | D:4      | Found Ohayreg's Antique Weapon Boutique.
  3475 | D:4      | Reached skill level 1 in Hexes
  3946 | D:5      | Entered Level 5 of the Dungeon
  4057 | D:5      | Noticed an ice beast
  4338 | D:5      | Killed from afar by an orc priest

Illustrated notes

Levels and vault maps discovered:
D:1:      dpeg_arrival_shelter, layout_rooms, minmay_pentomino_u4
D:2:      layout_basic, chequers_temple_overflow_minitemple
D:3:      layout_basic
D:4:      layout_rooms, minmay_temple_entry_mini_moons, serial_shops, shop
D:5:      layout_gridville, minmay_starry_boxes
Temple:   dpeg_five_rooms_temple

Skill      XL: |  1  2  3  4  5  6 |
---------------+-------------------+-----
Conjurations   | 5 6 7 |  7.4
Hexes          | 1 |  1.6
Dodging        | |  1.7
Stealth        | |  1.7
Spellcasting   | |  2.6

Action                   |  1- 3 |  4- 6 || total
-------------------------+-------+-------++-------
Melee: Spear             |    52 |       ||    52
       Dagger            |     3 |       ||     3
       Hand axe          |       |    32 ||    32
 Cast: Magic Dart        |    68 |   115 ||   183
Armor: Robe              |    17 |    13 ||    30
Dodge: Dodged            |    56 |    53 ||   109
